 Dungeon Crawl Stone Soup version 0.22-a0-254-gaf95ca0 (webtiles) character file.

716 RoseArtemis the Cudgeler (level 7, 0/63 HPs)
             Began as a Minotaur Fighter on Mar 4, 2018.
             Was an Initiate of Okawaru.
             Slain by a quokka (4 damage)
             ... on level 4 of the Dungeon.
             The game lasted 00:05:16 (2878 turns).

RoseArtemis the Cudgeler (Minotaur Fighter)         Turns: 2878, Time: 00:05:17

Health: 0/63       AC:  8    Str: 26    XL:     7   Next: 41%
Magic:  6/6        EV:  7    Int:  5    God:    Okawaru [......]
Gold:   158        SH: 10    Dex: 11    Spells: 6/6 levels left

rFire    . . .     SeeInvis .   a - +1 flail
rCold    . . .     Gourm    .   c - +0 shield
rNeg     . . .     Faith    .   b - +0 scale mail
rPois    .         Spirit   .   (helmet restricted)
rElec    .         Reflect  .   o - +0 cloak
rCorr    .         Harm     .   (no gloves)
MR       .....                  (no boots)
Stlth    ..........             (no amulet)
HPRegen  0.20/turn              (no ring)
MPRegen  0.10/turn              (no ring)

@: mighty
A: retaliatory headbutt, horns 2
a: Renounce Religion


You were on level 4 of the Dungeon.
You worshipped Okawaru.
Okawaru was noncommittal.
You were not hungry.

You visited 1 branch of the dungeon, and saw 4 of its levels.

You collected 158 gold pieces.

Inventory:

Hand Weapons
 a - a +1 flail (weapon)
Armour
 b - a +0 scale mail (worn)
 c - a +0 shield (worn)
 o - a +0 cloak (worn)
Jewellery
 u - an uncursed ring of magical power {unknown}
Scrolls
 e - a scroll of teleportation
 g - 2 scrolls of noise {unknown}
 h - a scroll of blinking {unknown}
 k - a scroll of magic mapping {unknown}
 l - a scroll of fear {unknown}
 m - a scroll of remove curse
 n - a scroll of enchant weapon
 p - 2 scrolls of random uselessness {unknown}
 r - a scroll of identify {unknown}
Potions
 d - 2 potions of might
 j - 2 potions of mutation {unknown}
 q - 2 potions of agility {unknown}
 s - 2 potions of flight {unknown}
 t - a potion of ambrosia {unknown}
 v - a potion of invisibility {unknown}
 w - a potion of haste {unknown}
Comestibles
 f - 4 rations


   Skills:
 - Level 6.1 Fighting
 * Level 7.3 Maces & Flails
 - Level 6.1 Armour
 - Level 3.6 Shields


You had 6 spell levels left.
You didn't know any spells.

Dungeon Overview and Level Annotations

Branches:
Dungeon (4/15)
 Temple: D:4-7

Altars:
Okawaru

Annotations:
D:4 Blork the orc, Duvessa


Innate Abilities, Weirdness & Mutations

You reflexively headbutt those who attack you in melee.
You have a pair of horns on your head.


Message History

The jackal bites you but does no damage.
You block the quokka's attack. The jackal closely misses you.
You miss the jackal. You block the quokka's attack.
You block the jackal's attack. You block the quokka's attack.
You hit the jackal. Your headbutt misses the jackal.
The jackal is almost dead.
The jackal bites you but does no damage.
The quokka bites you.
* * * LOW HITPOINT WARNING * * *
You block the jackal's attack.
You sock the jackal!
You kill the jackal!
Okawaru accepts your kill. The quokka closely misses you.
The jackal bites you but does no damage.
You sock the jackal!
You kill the jackal!
Okawaru accepts your kill. The quokka bites you.
You die...

.. ..# ..##.> #.....#
....|..## ........#
...........<#
...W........#
...........###########.
..r..%.....o{r@h.....(
.........###########.
)......## #.....#
#####.#### #######
.O.....# .......
.####o.# ....... #..##
....... #..5###.......


You could see an orc, a quokka and a jackal.

Vanquished Creatures
  The ghost of RoseArtemis the Cudgeler, a novice MiFi (D:4)
  Menkaure (D:4)
  A bullfrog (D:3)
  A quasit (D:3)
  A centaur skeleton (D:4)
  Jessica (D:2)
  6 adders
  3 worms
  A dart slug (D:3)
  2 leopard geckos (D:2)
  2 orcs (D:4)
  4 giant cockroaches
  5 goblins
  7 hobgoblins
  2 jackals (D:4)
  5 kobolds
  A ball python (D:2)
  10 bats
  3 frilled lizards
  5 rats
62 creatures vanquished.

Notes
Turn   | Place    | Note
-------+----------+-------------------------------------------
     0 | D:1      | RoseArtemis the Minotaur Fighter began the quest for the Orb.
     0 | D:1      | Reached XP level 1. HP: 19/19 MP: 0/0
   320 | D:1      | Reached XP level 2. HP: 27/27 MP: 1/1
   323 | D:1      | Reached skill level 3 in Maces & Flails
  1048 | D:2      | Reached XP level 3. HP: 33/33 MP: 2/2
  1309 | D:2      | Noticed Jessica
  1312 | D:2      | Killed Jessica
  1312 | D:2      | Reached skill level 4 in Maces & Flails
  1312 | D:2      | Reached XP level 4. HP: 33/41 MP: 3/3
  1807 | D:3      | Noticed a bullfrog
  1812 | D:3      | Killed a bullfrog
  1812 | D:3      | Reached XP level 5. HP: 39/47 MP: 4/4
  1959 | D:3      | Reached skill level 5 in Maces & Flails
  2434 | D:3      | Found an iron altar of Okawaru.
  2463 | D:3      | Became a worshipper of Warmaster Okawaru
  2678 | D:4      | Reached skill level 5 in Fighting
  2678 | D:4      | Reached skill level 5 in Armour
  2710 | D:4      | Noticed Menkaure
  2710 | D:4      | Noticed an ogre
  2711 | D:4      | Noticed Duvessa
  2711 | D:4      | Noticed a phantom
  2712 | D:4      | Noticed Blork the orc
  2749 | D:3      | Reached XP level 6. HP: 46/56 MP: 5/5
  2845 | D:4      | Noticed RoseArtemis's ghost (novice MiFi)
  2865 | D:4      | Killed RoseArtemis's ghost
  2865 | D:4      | Reached skill level 6 in Maces & Flails
  2865 | D:4      | Reached XP level 7. HP: 20/62 MP: 6/6
  2870 | D:4      | HP: 2/62 [jackal (3)]
  2872 | D:4      | Killed Menkaure
  2872 | D:4      | Reached skill level 7 in Maces & Flails
  2878 | D:4      | Slain by a quokka

Vault maps used:
D:1:      minmay_arrival_four_loops
D:2:      first_ration, uniq_jessica
D:3:      kennysheep_okawaru_gauntlet
D:4:      uniq_blork_the_orc, uniq_menkaure, uniq_duvessa

Skill      XL: |  1  2  3  4  5  6  7 |
---------------+----------------------+-----
Maces & Flails | 3 4 5 6 7 |  7.3
Armour         | 4 5 6 |  6.1
Fighting       | 4 5 6 |  6.1
Shields        | |  3.6

Action                   |  1- 3 |  4- 6 |  7- 9 || total
-------------------------+-------+-------+-------++-------
Melee: Flail             |    63 |    69 |    11 ||   143
       Headbutt          |    10 |    16 |     1 ||    27
  Use: Scroll            |       |     3 |       ||     3
       Potion            |       |     1 |     2 ||     3
  Eat: Chunk             |     1 |     5 |       ||     6
Armor: Scale mail        |    23 |    55 |     6 ||    84
Dodge: Dodged            |    21 |    36 |     2 ||    59
Block: Shield            |    23 |    52 |    12 ||    87

Table legend:
 A = Spawn XP
 B = Non-spawn XP
 C = Spawn XP percentage of total XP
 D = Spawn monster count
 E = Non-spawn monster count
 F = Spawn count percentage of total count
 G = Total turns spent on level
                    A         B        C        D         E        F      G
               +---------+---------+-------+---------+---------+-------+---------
         Total |       0 |    1024 |   0.0 |       0 |      62 |   0.0 |  2878
               +---------+---------+-------+---------+---------+-------+---------
           D:1 |       0 |      22 |   0.0 |       0 |      13 |   0.0 |   737
           D:2 |       0 |      91 |   0.0 |       0 |      18 |   0.0 |   754
           D:3 |       0 |     214 |   0.0 |       0 |      22 |   0.0 |  1239
           D:4 |       0 |     697 |   0.0 |       0 |       9 |   0.0 |   148
               +---------+---------+-------+---------+---------+-------+---------
